 Dungeon Crawl Stone Soup version 0.29.1-13-g9f3cf754e1 (webtiles) character file.

Game seed: 2232330927128546979

89153 cheesebisquit the Marksminotaur (level 15, -6/211 HPs)
             Began as a Minotaur Hunter on Jan 21, 2023.
             Was an Elder of Okawaru.
             Mangled by a starcursed mass (7 damage)
             ... on level 2 of the Abyss.
             The game lasted 02:24:54 (37772 turns).

cheesebisquit the Marksminotaur (Minotaur Hunter)  Turns: 37772, Time: 02:24:54

Health: -6/211     AC: 27    Str: 13    XL:     15   Next: 48%
Magic:  22/22      EV: -1    Int:  6    God:    Okawaru [****..]
Gold:   450        SH:  0    Dex: 22    Spells: 22/24 levels left

rFire   . . .      SeeInvis +   (no weapon)
rCold   . . .      Faith    .   (no shield)
rNeg    . . .      Spirit   .   (body armour currently unavailable)
rPois   +          Reflect  .   (helmet currently unavailable)
rElec   .          Harm     .   (cloak currently unavailable)
rCorr   .          Rampage  .   (gloves currently unavailable)
Will    +....      NoTele   +   (boots currently unavailable)
Stlth   ++........              V - amulet of regeneration
HPRegen 0.00/turn               I - ring of see invisible
MPRegen 0.18/turn               t - +6 ring of dexterity

@: confused, tree-form, ambrosia-drunk, inhibited regen, constricted
A: stationary, stasis, torment immunity, boosted hp, (horns 2), (retaliatory
headbutt), [clumsy 2], [inhibited regeneration], [weak 2]
a: Renounce Religion, Heroism, Finesse


You were on level 2 of the Abyss.
You worshipped Okawaru.
Okawaru was greatly pleased with you.
You were a tree.
You visited 4 branches of the dungeon, and saw 21 of its levels.
You visited the Abyss 1 time.

You collected 2621 gold pieces.
You spent 2171 gold pieces at shops.

Inventory:

Hand Weapons
 a - a +1 arbalest of flaming
 b - a +2 shortbow of electrocution
 S - a +2 vorpal shortbow
Missiles
 o - 4 atropa-tipped darts
 A - 6 datura-tipped darts
 B - 20 poisoned darts
 E - 3 throwing nets
Armour
 d - the +3 pair of gloves of Grottiness (melded) {Will+}
   (You found it on level 4 of the Dungeon)

   Will:      It increases your willpower.
 f - a +2 hat (melded)
 C - a scarf of repulsion
 D - a +2 pair of boots of stealth (melded)
 R - the +6 scale mail of Okawaru's Outrage (melded) {+Inv Int+3}
   (You found it on level 5 of the Lair of Beasts)

   Int:       It affects your intelligence (+3).
   +Inv:      It lets you turn invisible.
 X - the +1 cloak of Astreg (melded) {rElec rPois rF+ Will+}
   (You bought it in a shop on level 2 of the Orcish Mines)

   rF:        It protects you from fire.
   rElec:     It insulates you from electricity.
   rPois:     It protects you from poison.
   Will:      It increases your willpower.
Jewellery
 k - a +4 ring of protection
 t - a +6 ring of dexterity (right branch)
 H - a ring of poison resistance
 I - a ring of see invisible (left branch)
 J - a ring of flight
 Q - a ring of magical power
 V - an amulet of regeneration (around neck)
Wands
 m - a wand of digging (6)
 u - a wand of flame (13)
 v - a wand of mindburst (4)
 G - a wand of iceblast (23)
 T - a wand of polymorph (3)
Scrolls
 j - 2 scrolls of torment
 n - 3 scrolls of identify
 q - 2 scrolls of amnesia
 s - 2 scrolls of fear
 x - a scroll of poison
 y - 2 scrolls of silence
 K - 2 scrolls of magic mapping
 M - a scroll of fog
 O - 2 scrolls of enchant armour
 P - 3 scrolls of brand weapon
 U - 6 scrolls of immolation
Potions
 e - a potion of magic
 g - 4 potions of berserk rage
 h - 2 potions of might
 i - 4 potions of flight
 l - 2 potions of curing
 p - 7 potions of attraction
 r - 3 potions of mutation
 w - 2 potions of ambrosia
 z - a potion of cancellation
 F - 2 potions of brilliance
 L - 3 potions of resistance
 W - a potion of lignification


   Skills:
 * Level 15.6 Fighting
 + Level 17.5 Ranged Weapons
 + Level 10.0 Armour
 + Level 9.5 Dodging
 + Level 7.3 Stealth
 + Level 5.4 Spellcasting
 + Level 5.2 Translocations
 + Level 8.7 Invocations


You had 22 spell levels left.
You knew the following spells:

 Your Spells              Type           Power      Damage    Failure   Level
a - Blink                 Tloc           14%        N/A       4%          2

Your spell library contained the following spells:

 Spells                   Type           Power      Damage    Failure   Level
 Apportation              Tloc           14%        N/A       3%          1
 Lesser Beckoning         Tloc           7%         N/A       10%         3
 Freeze                   Ice            4%         1d3       28%         1
 Magic Dart               Conj           4%         1d3       28%         1
 Portal Projectile        Hex/Tloc       8%         N/A       28%         3
 Passage of Golubria      Tloc           7%         N/A       32%         4
 Ensorcelled Hibernation  Hex/Ice        2%         N/A       41%         2
 Static Discharge         Conj/Air       1%         3-4/arc   41%         2
 Frozen Ramparts          Ice            2%         1d1       65%         3
 Mephitic Cloud           Conj/Pois/Air  1%         N/A       65%         3
 Spider Form              Tmut/Pois      1%         N/A       65%         3
 Iskenderun's Mystic Bla  Conj/Tloc      4%         2d3       67%         4
 Manifold Assault         Tloc           7%         N/A       67%         5
 Anguish                  Hex/Necr       0%         N/A       96%         4
 Cause Fear               Hex            0%         N/A       96%         4
 Fulminant Prism          Conj/Hex       0%         3d6       96%         4
 Hailstorm                Conj/Ice       1%         3d3       96%         4
 Ice Form                 Ice/Tmut       1%         N/A       96%         4
 Alistair's Intoxication  Tmut/Pois      0%         N/A       100%        5
 Blade Hands              Tmut           0%         N/A       100%        5
 Lee's Rapid Deconstruct  Erth           0%         3d5*      100%        5
 Lightning Bolt           Conj/Air       0%         1d11      100%        5
 Silence                  Hex/Air        0%         N/A       100%        5
 Dragon Form              Tmut           0%         N/A       100%        7
 Lehudib's Crystal Spear  Conj/Erth      0%         10d2      100%        8
 Maxwell's Capacitive Co  Air            0%         ∞         100%        8
 Call Imp                 Summ           Unusable   N/A       N/A         2
 Tukima's Dance           Hex            Unusable   N/A       N/A         3
 Simulacrum               Ice/Necr       Unusable   N/A       N/A         6
 Dragon's Call            Summ           Unusable   N/A       N/A         9

Dungeon Overview and Level Annotations

Branches:
Dungeon (13/15)            Temple (1/1) D:6            Lair (5/5) D:10
 Shoals (0/4) Lair:3       Spider (0/4) Lair:2        Slime (0/5) Lair:5
    Orc (2/2) D:10            Elf (0/3) Orc:2
 Vaults: D:13-14

Altars:
Ashenzari
Cheibriados
Dithmenos
Elyvilon
Fedhas
Gozag
Hepliaklqana
Kikubaaqudgha
Makhleb
Nemelex Xobeh
Okawaru
Qazlal
Ru
Sif Muna
Trog
Uskayaw
Vehumet
Wu Jian
Xom
Yredelemnul
Zin
The Shining One
Jiyva

Shops:
D:2 [:   Orc:2 *(=[

Portals:
Abyss: Orc:2

Annotations:
Orc:2 2 transporters, javelincjr's ghost, journeyman DrBe


Innate Abilities, Weirdness & Mutations

You are a tree.
Your roots penetrate the ground, keeping you stationary.
You cannot be teleported.
You are immune to unholy pain and torment.
Your maximum health is greatly increased.
Your equipment is partially melded.
((You have a pair of horns on your head.))
((You reflexively headbutt those who attack you in melee.))
[You are very clumsy. (Dex -4)]
[You do not regenerate when monsters are visible.]
[You are very weak. (Str -4)]


Message History

You headbutt the tentacled starspawn, but do no damage.
The tentacled starspawn tentacle-slaps you but does no damage.
A starcursed mass splits.
The starspawn tentacle constricts you.
Really quaff the potion of lignification?
You turn into a tree.
The +1 cloak of Astreg {rElec rPois rF+ Will+} melds into your body.
Your +2 hat melds into your body.
The +3 pair of gloves of Grottiness {Will+} melds into your body.
Your +2 pair of boots of stealth melds into your body.
The +6 scale mail of Okawaru's Outrage {+Inv Int+3} melds into your body.
You feel less stealthy.
Your roots penetrate the ground.
The tentacled starspawn bites you but does no damage.
The tentacled starspawn tentacle-slaps you but does no damage.
A deafening chorus of shrieks assaults your mind!
* * * LOW HITPOINT WARNING * * *
You suddenly lose the ability to move!
The wretched star glows turbulently.
The lance of force hits you but does no damage.
The starspawn tentacle constricts you.
You can move again.
Your +1 arbalest of flaming stops flaming.
You are now empty-handed.
You are confused.
You feel invigorated.
The tentacled starspawn bites you but does no damage.
The tentacled starspawn tentacle-slaps you!
* * * LOW HITPOINT WARNING * * *
The starcursed mass touches you!
* * * LOW HITPOINT WARNING * * *
The starspawn tentacle constricts you.
The starcursed mass touches you but does no damage.
The wretched star glows turbulently.
The lance of force hits you!
* * * LOW HITPOINT WARNING * * *
You attack the rock wall.
The tentacled starspawn bites you!
* * * LOW HITPOINT WARNING * * *
The tentacled starspawn tentacle-slaps you.
* * * LOW HITPOINT WARNING * * *
The starcursed mass touches you!
You die...

# .............. ..
#..... ..XX........
#....#.....#... .
#...## ...###.. ##
#....#X.. .# ....
#....uX.... .. ..
##X§X..u...........
#*wXX§. .........
#§♣wX.#..... ...
##XX§###...###...#
§§§§.#.. ..#....
#............ . .
#§........ ... .. .
#.........
#..X..#...
##...###..


You could see 6 starcursed masses, a tentacled starspawn, a wretched star and 2
starspawn tentacles.

Vanquished Creatures
  A pearl dragon (Abyss:2)
  An orc warlord (Orc:2)
  An angel (Abyss:2)
  2 dire elephants (Lair:5)
  A deep elf annihilator (D:13)
  The ghost of SirLogeyBear the Severer, a journeyman HOBe of Trog (D:12)
  Snorg (Lair:4)
  A yaktaur captain (D:13)
  Harold (Orc:1)
  6 hydras
  3 boulder beetles
  2 centaur warriors
  4 vault guards (D:13)
  4 catoblepae
  2 two-headed ogres
  Urug (D:12)
  15 death yaks
  2 orc high priests
  A spriggan simulacrum (Abyss:2)
  2 lindwurms (Lair:5)
  A deep elf zephyrmancer (Orc:2)
  A deep elf pyromancer (Orc:2)
  5 orc knights
  2 orc sorcerers (Orc:2)
  A cyclops (D:11)
  4 manticores
  An ugly thing (D:13)
  2 black mambas (Lair:5)
  Maurice (Orc:1)
  8 elephants (Lair:5)
  2 worldbinders (Abyss:2)
  A torpor snail (Lair:4)
  Joseph (D:10)
  13 cane toads
  An unseen horror (D:11)
  4 rime drakes
  12 komodo dragons
  Psyche (D:9)
  6 trolls
  3 large abominations (Abyss:2)
  17 polar bears
  A wind drake (Lair:3)
  5 hornets
  The ghost of cdecastro the Changer, an amateur DrTm (D:5)
  20 blink frogs
  4 raiju (Lair:5)
  3 slime creatures (D:13)
  8 dream sheep (Lair:5)
  A flying skull (Abyss:2)
  3 shadows
  5 culicivoras (Lair:2)
  An air elemental (Abyss:2)
  3 wraiths (D:11)
  A vampire (D:9)
  7 wyverns
  30 yaks
  3 basilisks (Lair:5)
  3 steam dragons
  10 wargs
  Menkaure (D:7)
  Duvessa (D:6)
  An acid dragon (D:12)
  13 water moccasins
  A swamp drake (Orc:2)
  11 hell hounds (Lair:5)
  3 ice beasts
  3 sky beasts
  26 orc warriors
  15 black bears
  29 wolves
  2 centaurs (D:10)
  6 ogres
  2 phantoms (D:5)
  3 kobold brigands
  Blork the orc (Orc:2)
  12 bullfrogs
  3 necrophages
  3 gnoll sergeants
  3 scorpions
  A small abomination (Abyss:2)
  Dowan (D:6)
  14 killer bees
  An electric eel (D:13)
  2 jellies
  2 howler monkeys (D:8)
  A crimson imp (Orc:2)
  6 hounds
  21 orc priests
  A gnoll bouda (D:8)
  An iron imp (Orc:2)
  5 iguanas
  28 orc wizards
  6 hell rats
  Robin (D:3)
  22 gnolls
  4 river rats (D:10)
  7 adders
  3 shadow imps
  2 white imps
  An ufetubus (D:5)
  A worm (D:5)
  2 dart slugs
  108 orcs
  3 ball pythons
  6 bats
  9 endoplasms
  5 giant cockroaches
  13 goblins
  8 hobgoblins
  2 jackals (D:3)
  3 quokkas
  5 frilled lizards
  19 kobolds
  9 rats
710 creatures vanquished.

Vanquished Creatures (others)
  2 orc wizards
  An orc (Orc:1)
  58 fungi
  88 plants
  5 starspawn tentacles (Abyss:2)
  4 tentacles (Abyss:2)
158 creatures vanquished.

Grand Total: 868 creatures vanquished

Notes
Turn   | Place    | Note
-------+----------+-------------------------------------------
     0 | D:1      | cheesebisquit the Minotaur Hunter began the quest for the
                  | Orb.
     0 | D:1      | Reached XP level 1. HP: 18/18 MP: 0/0
   179 | D:1      | Reached XP level 2. HP: 25/25 MP: 1/1
   197 | D:1      | Reached skill level 5 in Ranged Weapons
   226 | D:1      | Found a faded altar of an unknown god.
   725 | D:1      | Reached XP level 3. HP: 27/30 MP: 2/2
   956 | D:2      | Found Adwavvy's Distillery.
   965 | D:2      | Bought a potion of curing for 30 gold pieces
   965 | D:2      | Bought a potion of lignification for 30 gold pieces
   983 | D:2      | Found Jyiss's Book Boutique.
  1214 | D:2      | Reached skill level 6 in Ranged Weapons
  1267 | D:2      | Found Miaguet's Antique Armour Boutique.
  1359 | D:3      | Found a transporter.
  1525 | D:3      | Reached XP level 4. HP: 37/37 MP: 3/3
  1669 | D:3      | Found a transporter.
  1754 | D:3      | Noticed Robin
  1791 | D:3      | Killed Robin
  2405 | D:4      | Noticed a black bear
  2464 | D:4      | Noticed a necrophage
  2472 | D:4      | Killed a necrophage
  2473 | D:4      | Reached skill level 7 in Ranged Weapons
  2473 | D:4      | Reached XP level 5. HP: 42/42 MP: 4/4
  2514 | D:4      | Reached skill level 8 in Ranged Weapons
  2562 | D:4      | Killed a black bear
  2563 | D:4      | Reached XP level 6. HP: 35/50 MP: 5/5
  2860 | D:2      | Bought a potion of haste for 100 gold pieces
  2991 | D:4      | Identified the +3 pair of gloves of Grottiness {Will+}
  3248 | D:5      | Entered Level 5 of the Dungeon
  3294 | D:5      | Reached skill level 9 in Ranged Weapons
  3338 | D:5      | Reached XP level 7. HP: 53/56 MP: 6/6
  3461 | D:5      | Found a basalt altar of Yredelemnul.
  3482 | D:5      | Reached skill level 1 in Stealth
  3484 | D:5      | Reached skill level 1 in Armour
  3572 | D:5      | Found a stormy altar of Qazlal.
  3616 | D:5      | Reached skill level 10 in Ranged Weapons
  3823 | D:2      | Bought a potion of flight for 30 gold pieces
  3987 | D:2      | Bought a potion of lignification for 30 gold pieces
  4087 | D:5      | Noticed a yak
  4090 | D:5      | Found a transporter.
  4090 | D:5      | Noticed cdecastro's ghost (amateur DrTm)
  4138 | D:5      | Reached XP level 8. HP: 63/63 MP: 7/7
  4298 | D:5      | Found a transporter.
  4553 | D:6      | Noticed Duvessa
  4553 | D:6      | Noticed Dowan
  4556 | D:6      | Killed Dowan
  4584 | D:6      | Killed Duvessa
  4877 | D:6      | Found a staircase to the Ecumenical Temple.
  5033 | Temple   | Entered the Ecumenical Temple
  5083 | Temple   | Became a worshipper of Warmaster Okawaru
  5772 | D:2      | Bought a potion of invisibility for 80 gold pieces
  6063 | D:6      | You fall into a shaft and drop 3 floors!
  6155 | D:9      | HP: 7/150 [something (5)]
  6542 | D:9      | Noticed a two-headed ogre
  6617 | D:8      | Reached skill level 5 in Fighting
  6617 | D:8      | Reached XP level 9. HP: 74/74 MP: 8/8
  6698 | D:8      | Reached * piety under Okawaru
  6714 | D:8      | Reached skill level 11 in Ranged Weapons
  7397 | D:8      | Reached skill level 5 in Dodging
  7538 | D:7      | Reached skill level 5 in Armour
  7924 | D:6      | Reached ** piety under Okawaru
  8267 | D:7      | Reached skill level 1 in Invocations
  8522 | D:7      | Noticed Menkaure
  8525 | D:7      | Killed Menkaure
  8891 | D:8      | Reached skill level 12 in Ranged Weapons
  8985 | D:8      | Reached XP level 10. HP: 76/84 MP: 6/10
  9790 | D:9      | Noticed Psyche
  9804 | D:9      | Killed Psyche
 10297 | D:9      | Killed a two-headed ogre
 10297 | D:9      | Reached *** piety under Okawaru
 10511 | D:10     | Entered Level 10 of the Dungeon
 10734 | D:10     | Noticed a death yak
 10741 | D:10     | Identified the +4 plate armour of Reyss {rC+ Int+4}
 10744 | D:10     | Noticed Joseph
 10747 | D:10     | Noticed a death yak
 10766 | D:9      | Killed a death yak
 10767 | D:9      | Reached skill level 13 in Ranged Weapons
 11081 | D:10     | Noticed a death yak
 11165 | D:10     | Found a staircase to the Lair.
 11289 | D:10     | Killed a death yak
 11289 | D:10     | Reached **** piety under Okawaru
 11303 | D:10     | Killed a death yak
 11608 | D:10     | Reached XP level 11. HP: 95/95 MP: 13/13
 11623 | D:9      | Paralysed by a hornet for 1 turns
 11884 | D:10     | Reached skill level 5 in Invocations
 11905 | D:10     | Killed Joseph
 11906 | D:10     | Reached skill level 14 in Ranged Weapons
 11950 | D:10     | Noticed a centaur warrior
 11959 | D:10     | Killed a centaur warrior
 11959 | D:10     | Reached ***** piety under Okawaru
 12464 | D:10     | Found a staircase to the Orcish Mines.
 12976 | D:2      | Bought a potion of resistance for 100 gold pieces
 12976 | D:2      | Bought a potion of resistance for 100 gold pieces
 13025 | D:2      | Bought an embroidered robe for 99 gold pieces
 13231 | D:5      | Killed cdecastro's ghost
 13631 | D:11     | Found an ornate altar of the Wu Jian Council.
 13916 | D:11     | Noticed a boulder beetle
 13938 | D:11     | Killed a boulder beetle
 13939 | D:11     | Reached skill level 15 in Ranged Weapons
 14151 | D:11     | Reached skill level 10 in Fighting
 14408 | D:12     | Noticed Urug
 14542 | D:12     | Killed Urug
 14810 | D:12     | Found a runed translucent gate.
 14810 | D:12     | Found a runed translucent gate.
 14810 | D:12     | Found a runed translucent gate.
 14810 | D:12     | Noticed SirLogeyBear's ghost (journeyman HOBe)
 15113 | D:12     | Noticed a boulder beetle
 15133 | D:12     | Killed a boulder beetle
 15248 | D:12     | Reached skill level 16 in Ranged Weapons
 15672 | D:10     | Found a staircase to the Orcish Mines.
 16435 | D:1      | Found a faded altar of an unknown god.
 16992 | D:2      | Found Jyiss's Book Boutique.
 17102 | D:2      | Found Miaguet's Antique Armour Boutique.
 17270 | D:3      | Found a transporter.
 17371 | D:3      | Found a transporter.
 18460 | D:5      | Found a transporter.
 18502 | D:5      | Found a transporter.
 18662 | D:5      | Found a basalt altar of Yredelemnul.
 18668 | D:5      | Found a stormy altar of Qazlal.
 19376 | D:6      | Found a staircase to the Ecumenical Temple.
 21963 | D:10     | Found a staircase to the Orcish Mines.
 22202 | D:10     | Found a staircase to the Lair.
 22587 | D:11     | Found an ornate altar of the Wu Jian Council.
 23036 | D:12     | Found a runed translucent gate.
 23037 | D:12     | Found a runed translucent gate.
 23038 | D:12     | Found a runed translucent gate.
 23665 | Lair:1   | Entered Level 1 of the Lair of Beasts
 23820 | Lair:1   | Reached XP level 12. HP: 108/108 MP: 14/14
 24024 | Lair:1   | Found a glowing silver altar of Zin.
 24808 | D:2      | Bought a book of Spatial Translocations for 338 gold pieces
 24811 | D:2      | Learned a level 2 spell: Blink
 25406 | Lair:2   | Reached skill level 1 in Spellcasting
 25648 | Lair:2   | Reached skill level 1 in Translocations
 26461 | Lair:2   | Found a hole to the Spider Nest.
 26910 | Lair:3   | Found a staircase to the Shoals.
 27537 | Lair:3   | Noticed a boulder beetle
 27552 | Lair:3   | Killed a boulder beetle
 27553 | Lair:3   | Reached XP level 13. HP: 118/118 MP: 9/17
 28075 | D:2      | Bought a runed ring mail for 189 gold pieces
 28638 | Lair:4   | Reached skill level 5 in Stealth
 29073 | Lair:4   | Noticed Snorg
 29089 | Lair:4   | Killed Snorg
 30327 | Lair:5   | Entered Level 5 of the Lair of Beasts
 30406 | Lair:5   | Identified the +1 robe of the Saviour {rF+} (Okawaru gifted
                  | it to you on level 5 of the Lair of Beasts)
 30406 | Lair:5   | Received a gift from Okawaru
 30728 | Lair:5   | Reached XP level 14. HP: 53/129 MP: 4/19
 30975 | Lair:5   | Found a runed translucent door.
 30977 | Lair:5   | Found a viscous altar of Jiyva.
 30978 | Lair:5   | Found a staircase to the Slime Pits.
 31347 | Lair:5   | Reached skill level 17 in Ranged Weapons
 31504 | Lair:5   | Identified the +6 scale mail of Okawaru's Outrage {+Inv
                  | Int+3}
 33833 | Orc:1    | Entered Level 1 of the Orcish Mines
 34310 | Orc:1    | Received a gift from Okawaru
 34333 | Orc:1    | Reached skill level 5 in Spellcasting
 34592 | Orc:1    | Noticed Harold
 34600 | Orc:1    | Killed Harold
 34634 | Orc:1    | Noticed Maurice
 34648 | Orc:1    | Killed Maurice
 34763 | Orc:2    | Entered Level 2 of the Orcish Mines
 34768 | Orc:2    | Found a one-way gate to the infinite horrors of the Abyss.
 34768 | Orc:2    | Noticed javelincjr's ghost (journeyman DrBe)
 34895 | Orc:2    | Noticed Blork the orc
 34925 | Orc:2    | Killed Blork the orc
 35087 | Orc:2    | Found a staircase to the Elven Halls.
 35175 | Orc:2    | Noticed an orc warlord
 35202 | Orc:2    | Killed an orc warlord
 35203 | Orc:2    | Reached skill level 15 in Fighting
 35203 | Orc:2    | Reached XP level 15. HP: 141/141 MP: 15/21
 35730 | Orc:2    | Found Hyeguvvi's Antique Armour Shoppe.
 35744 | Orc:2    | Found Qituyck's Antique Weapon Shoppe.
 35783 | Orc:2    | Bought a glowing arbalest for 247 gold pieces
 35889 | Orc:2    | Found a transporter.
 35902 | Orc:2    | Found a transporter.
 35907 | Orc:2    | Noticed an orc warlord
 36257 | Orc:2    | Identified the +0 hat "Liniompe" {Rampage}
 36345 | Orc:2    | Found Nikysus's Jewellery Shoppe.
 36361 | Orc:2    | Found Lud Tom's General Store.
 36367 | Orc:2    | Bought a potion of ambrosia for 128 gold pieces
 36367 | Orc:2    | Bought 2 potions of lignification for 96 gold pieces
 36427 | Orc:2    | Bought a fine cloak for 218 gold pieces
 36427 | Orc:2    | Identified the +1 cloak of Astreg {rElec rPois rF+ Will+}
                  | (You bought it in a shop on level 2 of the Orcish Mines)
 36427 | Orc:2    | Bought a shiny chain mail for 172 gold pieces
 36427 | Orc:2    | Bought a runed scarf for 184 gold pieces
 36558 | D:12     | Killed SirLogeyBear's ghost
 36559 | D:12     | Reached skill level 5 in Translocations
 37498 | Abyss:2  | Cast into level 2 of the Abyss (vault guard)
 37559 | Abyss:2  | Paralysed by an air elemental for 1 turns
 37611 | Abyss:2  | Reached skill level 10 in Armour
 37635 | Abyss:2  | Noticed a pearl dragon
 37644 | Abyss:2  | Killed a pearl dragon
 37718 | Abyss:2  | Noticed a kraken
 37731 | Abyss:2  | Noticed a tentacled starspawn
 37737 | Abyss:2  | Noticed a lich
 37769 | Abyss:2  | Paralysed by accursed screaming for 1 turns
 37772 | Abyss:2  | HP: 7/211 [tentacled starspawn (14)]
 37772 | Abyss:2  | HP: 1/211 [tentacled starspawn (6)]
 37772 | Abyss:2  | Mangled by a starcursed mass

Illustrated notes

Levels and vault maps discovered:
D:1:      zaba_arrival_water, layout_loops_ring,
          hellmonk_ecumenical_altar_zigzags, minmay_tall_x
D:2:      layout_rooms, serial_shops, nicolae_lakefront_shop,
          nicolae_shop_statue_plus, nicolae_lakefront_shop
D:3:      gammafunk_wand_slinger, layout_basic, kennysheep_generic_room_4,
          uniq_robin
D:4:      cheibrodos_quashed, layout_rooms
D:5:      layout_loops_cross, nicolae_qazlal_scattered_showers,
          mainiacjoe_overflow_six_doors_small, gammafunk_ghost_arena,
          grunt_ministairs_8
D:6:      layout_cave_pods, minmay_temple_entry_gardened_gates, uniq_duvessa
D:7:      layout_loops_cross, uniq_menkaure
D:8:      layout_layer_cave, minmay_misc_feat_tower
D:9:      layout_cave_pools, uniq_psyche
D:10:     cheibrodos_barr_body, layout_rooms, dpeg_lair_monsters,
          hiddenorc2_lemuel, minmay_misc_feat_plants, grunt_ogre_cave,
          uniq_joseph
D:11:     layout_basic, nzn_wu_jian_contemplation
D:12:     layout_long_grid, ebering_ghost_rock_garden, minmay_hedge_maze,
          uniq_urug
D:13:     layout_roguey, erik_vaults_2, serial_bayou, serial_bayou_pond_a,
          serial_bayou_shore_b, serial_bayou_pond_a, serial_bayou_lagoon_a,
          minmay_radiant
Temple:   mainiacjoe_temple_cubbyholes
Lair:1:   layout_concentric_octagons, basic_altar
Lair:2:   layout_big_grid, hellmonk_spider_entry_life_and_decay,
          cheibrodos_lair_lostbears, infiniplex_staircase_pool_2
Lair:3:   layout_roguey, minmay_shoals_entry_beasts,
          chequers_serial_rivers_small_a, dreamdust_wasp_nest
Lair:4:   layout_loops_ring, grunt_megastairs_1, uniq_snorg
Lair:5:   hangedman_lair_in_review, layout_loops_ring,
          hangedman_lair_caniforms_friends, slime_entry_2,
          chequers_serial_rivers_small_b
Orc:1:    cheibrodos_orc_arena, layout_diamond_mine, uniq_maurice, uniq_harold
Orc:2:    grunt_orc_cross, layout_diamond_mine, gammafunk_ghost_abyssal_escape,
          hangedman_minor_magic
Abyss:2:  base: Lair:4, evilmike_abyss_exit_kraken

Skill      XL: |  1  2  3  4  5  6  7  8  9 10 11 12 13 14 15 |
---------------+----------------------------------------------+-----
Ranged Weapons | 5 6 7 8 9 10 12 13 16 17 | 17.5
Stealth        | 2 3 4 5 6 7 |  7.3
Armour         | 2 4 5 6 8 9 10 | 10.0
Fighting       | 3 5 6 8 10 12 13 15 | 15.6
Dodging        | 3 4 6 7 9 |  9.5
Invocations    | 2 4 5 6 7 8 |  8.7
Spellcasting   | 3 4 5 |  5.4
Translocations | 2 3 4 5 |  5.2

Action                   |  1- 3 |  4- 6 |  7- 9 | 10-12 | 13-15 || total
-------------------------+-------+-------+-------+-------+-------++-------
Melee: Unarmed           |       |       |    32 |       |       ||    32
 Fire: Shortbow          |   124 |   137 |   462 |   953 |  1236 ||  2912
       Arbalest          |       |       |       |       |   153 ||   153
Throw: Dart              |       |       |     4 |     1 |       ||     5
Invok: Heroism           |       |       |     4 |    19 |    49 ||    72
       Finesse           |       |       |       |    11 |    33 ||    44
  Use: Scroll            |       |     6 |    12 |    15 |    10 ||    43
       Potion            |       |       |    12 |     1 |     6 ||    19
Armor: Leather armour    |    21 |    30 |    12 |       |       ||    63
       Skin              |       |       |    48 |       |     5 ||    53
       Ring mail         |       |       |   112 |   187 |    94 ||   393
       Scale mail        |       |       |       |       |    33 ||    33
Dodge: Dodged            |    35 |    50 |   154 |   340 |   316 ||   895
